 Dungeon Crawl Stone Soup version 0.29-a0-721-g7f417c9bbb (webtiles) character file.

Game seed: 4355765007444127619

415 xian the Slasher (level 6, -5/44 HPs)
             Began as a Demonspawn Wanderer on June 28, 2022.
             Was an Initiate of Gozag.
             Engulfed by a steam dragon's steam (6 damage)
             ... on level 4 of the Dungeon.
             The game lasted 00:13:18 (4076 turns).

xian the Slasher (Demonspawn Wanderer)              Turns: 4076, Time: 00:13:19

Health: -5/44      AC:  4    Str: 11    XL:     6   Next: 60%
Magic:  10/11      EV: 15    Int: 20    God:    Gozag
Gold:   60         SH:  0    Dex: 15    Spells: 7/11 levels left

rFire   . . .      SeeInvis .   a - +3 falchion
rCold   . . .      Faith    .   (no shield)
rNeg    + . .      Spirit   .   l - +2 animal skin
rPois   .          Reflect  .   (no helmet)
rElec   .          Harm     .   (no cloak)
rCorr   .          Rampage  .   (no gloves)
Will    .....                   (no boots)
Stlth   ++........              (no amulet)
HPRegen 0.14/turn               f - ring of positive energy
MPRegen 0.12/turn               m - +6 ring of intelligence

@: no status effects
A: repulsion field 2, spiny 1
a: Renounce Religion, Potion Petition, Call Merchant, Bribe Branch


You were on level 4 of the Dungeon.
You worshipped Gozag.
Gozag was noncommittal.
You visited 1 branch of the dungeon, and saw 4 of its levels.

You collected 91 gold pieces.
You paid 31 gold pieces to Gozag.

Inventory:

Hand Weapons
 a - a +3 falchion (weapon)
 q - a +2 sling of freezing
Missiles
 e - 5 curare-tipped darts
 g - 9 boomerangs
 h - 12 poisoned darts
Armour
 l - a +2 animal skin (worn)
Jewellery
 f - a ring of positive energy (left hand)
 m - a +6 ring of intelligence (right hand)
 p - a +6 ring of strength
Wands
 b - a wand of polymorph (6)
 s - a wand of charming (6)
Scrolls
 i - 2 scrolls of teleportation
 k - a scroll of magic mapping
 r - a scroll of torment {unknown}
 u - a scroll of fear {unknown}
Potions
 c - a potion of lignification
 d - a potion of ambrosia {unknown}
 j - 4 potions of heal wounds {unknown}
 n - 2 potions of flight {unknown}
 o - 3 potions of brilliance {unknown}
 t - a potion of attraction {unknown}


   Skills:
 + Level 1.9 Fighting
 + Level 4.1 Long Blades
 + Level 1.9 Ranged Weapons
 + Level 2.0 Dodging
 + Level 0.7 Stealth
 + Level 3.4 Spellcasting
 + Level 1.8 Conjurations
 + Level 1.5 Fire Magic
 + Level 0.3 Poison Magic
 + Level 2.2 Evocations


You had 7 spell levels left.
You knew the following spells:

 Your Spells              Type           Power      Damage    Failure   Level
a - Foxfire               Conj/Fire      40%        2x1d6     7%          1
b - Sting                 Tmut/Pois      16%        1d3       13%         1
c - Poisonous Vapours     Pois/Air       8%         N/A       19%         2

Your spell library contained the following spells:

 Spells                   Type           Power      Damage    Failure   Level
 Stone Arrow              Conj/Erth      14%        3d7       28%         3
 Olgreb's Toxic Radiance  Pois           5%         N/A       75%         4
 Animate Armour           Summ/Erth      6%         N/A       80%         4
 Cause Fear               Hex            1%         N/A       80%         4
 Blade Hands              Tmut           1%         N/A       98%         5
 Iron Shot                Conj/Erth      3%         9d2       100%        6
 Dragon Form              Tmut           1%         N/A       100%        7
 Dragon's Call            Summ           1%         N/A       100%        9


Dungeon Overview and Level Annotations

Branches:
Dungeon (4/15)
 Temple: D:4-7

Altars:
Dithmenos
Gozag
Hepliaklqana
Trog
Vehumet

Shops:
D:2 *


Innate Abilities, Weirdness & Mutations

You are surrounded by a moderate repulsion field. (EV +3)
You are partially covered in sharp spines.


Message History

You slash the ball python!
You kill the ball python!
You see here a ball python corpse.
You open the door.
Found an opulent altar of Gozag.
u - a scroll labelled HOLOUT GUSUE
There is an open door here.
There is an opulent altar of Gozag here.
You kneel at the altar of Gozag.
Gozag welcomes you!
You pay a service fee of 31 gold.
There is an open door here.
You see here a ball python corpse.
A steam dragon comes into view.
Found 15 gold pieces and a long sword.
The steam dragon hisses angrily.
The steam dragon breathes steam at you. The ball of steam hits you!!
The steam dragon moves out of view.
Casting: Foxfire (safe; 7% risk of failure)
Confirm with . or Enter, or press ? or * to list all spells.
You conjure some foxfire!
The foxfire hits the steam dragon but does no damage.
The foxfire hits the steam dragon.
The steam dragon is lightly wounded.
You barely miss the steam dragon.
The steam dragon is lightly wounded.
The steam dragon breathes steam at you. The ball of steam hits you!!
* * * LOW HITPOINT WARNING * * *
You hear a shout!
You closely miss the steam dragon.
The steam dragon is lightly wounded.
You are engulfed in a cloud of scalding steam.
* * * LOW HITPOINT WARNING * * *
The steam dragon barely misses you. The steam dragon closely misses you.
You closely miss the steam dragon.
The steam dragon is lightly wounded.
You are engulfed in a cloud of scalding steam.
You die...
Your body crumbles into a pile of gold.

.......# .......#
.......# .......#
.......#########
....†........#§####
.......######.##..#
# ...###.#
#§#...####...# ####
#.# #§##.D@.§§..# #
#.# #)#...####§.##
# #.##.##.... ..# $
# #.#D#...##. ... #
#.###.## #. .## #
##.########## .. #
#.........(. . #
#....###### #
#....#


You could see a steam dragon.

Vanquished Creatures
  Grinder (D:4)
  Natasha (twice) (D:3)
  Terence (D:2)
  An orc wizard (D:3)
  Robin (D:3)
  An adder (D:3)
  An ufetubus (D:4)
  A worm (D:3)
  3 dart slugs
  4 orcs (D:3)
  4 ball pythons
  7 endoplasms
  A giant cockroach (D:2)
  13 goblins
  10 hobgoblins
  A quokka (D:2)
  5 bats
  A frilled lizard (D:1)
  4 kobolds
  6 rats
68 creatures vanquished.

Vanquished Creatures (others)
  94 foxfires
94 creatures vanquished.

Grand Total: 162 creatures vanquished

Notes
Turn   | Place    | Note
-------+----------+-------------------------------------------
     0 | D:1      | xian the Demonspawn Wanderer began the quest for the Orb.
     0 | D:1      | xian set off with the following items: a +2 falchion, a
                  | wand of polymorph (7), a potion of lignification, a +0
                  | robe; and the following spell memorised: Foxfire; and the
                  | following spells available to memorise: Stone Arrow.
     0 | D:1      | Reached XP level 1. HP: 15/15 MP: 3/3
   336 | D:1      | Gained mutation: You are surrounded by a mild repulsion
                  | field. (EV +2) [demonic ancestry]
   336 | D:1      | Reached XP level 2. HP: 21/21 MP: 1/5
   407 | D:1      | Found a faded altar of an unknown god.
   758 | D:2      | Learned a level 1 spell: Sting
   768 | D:2      | Reached skill level 3 in Long Blades
   780 | D:2      | Found a radiant altar of Vehumet.
   802 | D:2      | Found Qoem's Assorted Antiques.
  1010 | D:2      | Gained mutation: You are partially covered in sharp spines.
                  | [demonic ancestry]
  1010 | D:2      | Reached XP level 3. HP: 23/26 MP: 3/6
  1151 | D:2      | Noticed Terence
  1167 | D:2      | Killed Terence
  2016 | D:3      | Reached XP level 4. HP: 32/32 MP: 4/8
  2023 | D:3      | Reached skill level 1 in Fire Magic
  2028 | D:3      | Noticed Robin
  2287 | D:3      | Found a hazy altar of Hepliaklqana.
  2936 | D:3      | Found a bloodstained altar of Trog.
  2978 | D:3      | Found a shadowy altar of Dithmenos.
  3036 | D:3      | Killed Robin
  3037 | D:3      | Gained mutation: You are surrounded by a moderate repulsion
                  | field. (EV +3) [demonic ancestry]
  3037 | D:3      | Reached XP level 5. HP: 12/37 MP: 7/9
  3344 | D:3      | Noticed Natasha
  3353 | D:3      | Killed Natasha
  3587 | D:3      | Noticed Natasha
  3593 | D:3      | Killed Natasha
  3594 | D:3      | Reached skill level 1 in Ranged Weapons
  3691 | D:4      | Noticed Grinder
  3712 | D:4      | Killed Grinder
  3713 | D:4      | Reached skill level 4 in Long Blades
  3713 | D:4      | Reached XP level 6. HP: 25/44 MP: 7/11
  3901 | D:4      | Learned a level 2 spell: Poisonous Vapours
  3964 | D:4      | Found an opulent altar of Gozag.
  4051 | D:4      | Became a worshipper of Gozag Ym Sagoz the Greedy
  4066 | D:4      | Noticed a steam dragon
  4075 | D:4      | HP: 1/44 [steam dragon] (2)]
  4076 | D:4      | Engulfed by a steam dragon's steam

Illustrated notes

Levels and vault maps discovered:
D:1:      dpeg_arrival_pond, layout_basic, ebering_ecumenical_altar_abandoned
D:2:      cheibrodos_helix_gallery, layout_loops_ring, basic_altar,
          serial_shops, shop, chequers_decorated_corner, serial_park_tiny_2,
          minivault_26, uniq_terence
D:3:      layout_basic, nicolae_dithmenos_the_darkroom,
          mainiacjoe_overflow_surrounded_room, nicolae_hepliaklqana_hazy_memory,
          uniq_robin, uniq_natasha
D:4:      wad_crossroads, layout_basic, nicolae_vehumet_altar_sigil,
          kennysheep_mini, minmay_temple_entry_mist, hangedman_decor_growths,
          kennysheep_generic_room_3, uniq_grinder

Skill      XL: |  1  2  3  4  5 |
---------------+----------------+-----
Long Blades    | 3 4 |  4.1
Fire Magic     | 1 |  1.5
Spellcasting   | 3 |  3.4
Ranged Weapons | 1 |  1.9
Dodging        | 2 |  2.0
Fighting       | |  1.9
Stealth        | |  0.7
Conjurations   | |  1.8
Poison Magic   | |  0.3
Evocations     | |  2.2

Action                   |  1- 3 |  4- 6 || total
-------------------------+-------+-------++-------
Melee: Falchion          |    23 |    38 ||    61
       Punch             |       |     1 ||     1
 Fire: Sling             |       |    11 ||    11
 Cast: Foxfire           |    41 |    22 ||    63
       Sting             |     1 |     2 ||     3
Evoke: Wand              |     1 |       ||     1
  Use: Scroll            |     6 |       ||     6
       Potion            |       |     1 ||     1
Armor: Robe              |     7 |    10 ||    17
       Animal skin       |       |     1 ||     1
Dodge: Dodged            |    23 |    43 ||    66

Table legend: (Time is in decaauts)
 A = Elapsed time spent in this place.
 B = Non-inter-level travel time spent in this place.
 C = Inter-level travel time spent in this place.
 D = Time resting spent in this place.
 E = Time spent auto-exploring this place.
 F = Levels seen in this place.
 G = Mean time per level.
                   A        B        C        D        E       F      G
               +--------+--------+--------+--------+--------+-----+--------+
         Total |   4087 |   4026 |     61 |    326 |   2829 |   4 | 1021.8 |
       Dungeon |   4087 |   4026 |     61 |    326 |   2829 |   4 | 1021.8 |
               +--------+--------+--------+--------+--------+-----+--------+

Top non-repeatable levels by time:
     D:2: 1507 daAuts
     D:3: 1440 daAuts
     D:1: 753 daAuts
     D:4: 386 daAuts
